 Dungeon Crawl Stone Soup version 0.28-a0-796-gd4f0d3f9b2 (webtiles) character file.

Game seed: 12939976933230054590

557 GenialerGandalf the Ruffian (level 7, 0/63 HPs)
             Began as a Troll Summoner on Nov 6, 2021.
             Succumbed to a killer bee's poison
             ... on level 7 of the Dungeon.
             The game lasted 00:06:16 (1641 turns).

GenialerGandalf the Ruffian (Troll Summoner)        Turns: 1641, Time: 00:06:17

Health: 0/63       AC:  4    Str: 19    XL:     7   Next: 9%
Magic:  8/8        EV: 10    Int: 11    God:
Gold:   80         SH:  0    Dex: 10    Spells: 8/9 levels left

rFire   . . .      SeeInvis .     - Unarmed
rCold   . . .      Faith    .   (no shield)
rNeg    . . .      Spirit   .   a - +0 robe
rPois   .          Reflect  .   (helmet restricted)
rElec   .          Harm     .   (no cloak)
rCorr   .          Rampage  .   (gloves unavailable)
Will    .....                   (boots unavailable)
Stlth   ++........              (no amulet)
HPRegen 1.20/turn               (no ring)
MPRegen 0.11/turn               (no ring)

@: lethally poisoned (0 -> -5)
A: large, unfitting armour, claws 3, regeneration 1, shaggy fur 1, tough skin 1
a: no special abilities


You were on level 7 of the Dungeon.
You visited 1 branch of the dungeon, and saw 7 of its levels.

You collected 80 gold pieces.

Inventory:

Armour
 a - a +0 robe (worn)
Jewellery
 h - a +6 ring of intelligence
 m - a ring of protection from fire
Wands
 j - a wand of polymorph (10)
 k - a wand of flame (8)
Scrolls
 b - 5 scrolls of identify {unknown}
 d - a scroll of blinking {unknown}
 f - 3 scrolls of teleportation {unknown}
 g - a scroll of magic mapping {unknown}
 i - a scroll of amnesia {unknown}
Potions
 c - a potion of mutation {unknown}
 e - a potion of attraction {unknown}
 l - a potion of curing {unknown}


   Skills:
 + Level 1.9 Fighting
 + Level 3.4 Dodging
 + Level 1.5 Stealth
 + Level 4.0 Unarmed Combat
 + Level 1.5 Spellcasting
 + Level 3.8 Summonings


You had 8 spell levels left.
You knew the following spells:

 Your Spells              Type           Power      Damage    Failure   Level
a - Summon Small Mammal   Summ           36%        N/A       6%          1

Your spell library contained the following spells:

 Spells                   Type           Power      Damage    Failure   Level
 Call Imp                 Summ           9%         N/A       10%         2
 Call Canine Familiar     Summ           9%         N/A       19%         3
 Summon Guardian Golem    Hex/Summ       5%         N/A       38%         3
 Summon Lightning Spire   Summ/Air       5%         N/A       80%         4


Dungeon Overview and Level Annotations

Branches:
Dungeon (7/15)
 Temple: D:4-7

Altars:
Ashenzari

Annotations:
D:4 Blork the orc
D:5 Dowan, Duvessa


Innate Abilities, Weirdness & Mutations

You are too large for most types of armour.
You have claws for hands.
Your natural rate of healing is unusually fast.
You are covered in fur. (AC +1)
You have tough skin. (AC +1)


Message History

You are more poisoned.
The killer bee poisons you! The hound bites you.
A kobold brigand comes into view.
It is wielding a +0 dagger and quivering poisoned darts.
You feel very sick.
A killer bee comes into view.
The orc hits you with a +0 dagger. The killer bee completely misses you.
The killer bee stings you but does no damage.
You feel very sick.
The kobold brigand shouts!
You hear a shout! x2
The killer bee stings you!
* * * LOW HITPOINT WARNING * * *
You feel sick. The killer bee stings you.
* * * LOW HITPOINT WARNING * * *
A killer bee comes into view.
You feel sick.
The kobold brigand hits you with a +0 dagger.
* * * LOW HITPOINT WARNING * * *
The killer bee barely misses you.
The killer bee moves out of view.
You feel sick. The killer bee stings you.
* * * LOW HITPOINT WARNING * * *
A killer bee comes into view.
You feel sick. The killer bee closely misses you.
You feel sick.
A kobold comes into view. It is wielding a +0 dagger.
You feel sick. The killer bee misses you. The killer bee barely misses you.
A killer bee comes into view. x2
The killer bee barely misses you.
There is a stone staircase leading up here.
You feel sick.
You are no longer poisoned.
The killer bee stings you but does no damage.
The killer bee closely misses you. The killer bee stings you.
* * * LOW HITPOINT WARNING * * *
You are poisoned.
The killer bee poisons you! The killer bee stings you!
* * * LOW HITPOINT WARNING * * *
You are more poisoned.
The killer bee poisons you!
You die...

..# ..# #.# ..
#.# ..# #.#
#..##. ##.#
#..... #..#
#....##.@#
.#....#y.##
.......yy#
.......Fy## ..
..y###.yy.###..
...# ##.K......
#..# #.#..$...
#..##h#yo....
#..#.#y.....


You could see a kobold brigand, a bullfrog, a hound and 7 killer bees.

Vanquished Creatures
  An ice beast (D:6)
  2 sky beasts (D:6)
  A necrophage (D:3)
  2 hounds
  A centaur skeleton (D:6)
  2 iguanas (D:6)
  2 adders (D:3)
  An ufetubus (D:5)
  A worm (D:2)
  A dart slug (D:1)
  4 orcs
  2 endoplasms (D:2)
  A goblin (D:1)
  3 hobgoblins
  2 ball pythons
  2 bats (D:2)
  A kobold (D:3)
29 creatures vanquished.

Vanquished Creatures (others)
  3 fungi (D:3)
3 creatures vanquished.

Grand Total: 32 creatures vanquished

Notes
Turn   | Place    | Note
-------+----------+-------------------------------------------
     0 | D:1      | GenialerGandalf the Troll Summoner began the quest for the
                  | Orb.
     0 | D:1      | Reached XP level 1. HP: 16/16 MP: 1/1
   159 | D:1      | Found a faded altar of an unknown god.
   521 | D:2      | Reached XP level 2. HP: 24/24 MP: 2/2
   858 | D:3      | Noticed a necrophage
   870 | D:3      | Killed a necrophage
   871 | D:3      | Reached skill level 1 in Unarmed Combat
   871 | D:3      | Reached XP level 3. HP: 10/32 MP: 2/4
   871 | D:3      | Reached XP level 4. HP: 12/40 MP: 2/5
  1078 | D:4      | Noticed Blork the orc
  1089 | D:5      | Entered Level 5 of the Dungeon
  1103 | D:5      | Reached XP level 5. HP: 30/46 MP: 6/6
  1112 | D:5      | Noticed Duvessa
  1112 | D:5      | Noticed Dowan
  1120 | D:5      | Found a broken altar of Ashenzari.
  1234 | D:6      | Reached skill level 1 in Fighting
  1307 | D:6      | Noticed an ice beast
  1323 | D:6      | HP: 2/48 [ice beast (10)]
  1325 | D:6      | Killed an ice beast
  1326 | D:6      | Reached skill level 2 in Unarmed Combat
  1326 | D:6      | Reached XP level 6. HP: 5/55 MP: 7/7
  1344 | D:6      | Reached skill level 3 in Unarmed Combat
  1522 | D:6      | Noticed a sky beast
  1537 | D:6      | Killed a sky beast
  1579 | D:6      | Noticed a sky beast
  1595 | D:6      | Killed a sky beast
  1596 | D:6      | Reached skill level 4 in Unarmed Combat
  1596 | D:6      | Reached XP level 7. HP: 31/63 MP: 8/8
  1640 | D:7      | HP: 1/63 [killer bee (7)]
  1641 | D:7      | Succumbed to a killer bee's poison

Illustrated notes

Levels and vault maps discovered:
D:1:      dpeg_arrival_rooms_c, layout_basic,
          hellmonk_ecumenical_altar_prayer_group, minivault_23
D:2:      layout_basic, grunt_decor_arrowhead, minmay_misc_feat_more_columns,
          uniq_terence
D:3:      layout_loops_ring, mainiacjoe_overflow_chevrons, uniq_natasha
D:4:      layout_basic, bloody_trog, gup_ossuary_entry_pyramid, serial_shops,
          nicolae_shop_behind_doors, sigmund_edmund_badplayer, uniq_menkaure,
          uniq_robin, uniq_edmund, uniq_pikel, uniq_blork_the_orc
D:5:      layout_loops_corners, evilmike_ruin_ashenzari, uniq_duvessa
D:6:      layout_layer_cave, minmay_temple_entry_poolview,
          chequers_serial_rivers_small_a, uniq_sigmund
D:7:      layout_rooms, kennysheep_okawaru_gauntlet,
          chequers_serial_rivers_room_b, minmay_misc_feat_iff, uniq_maggie

Skill      XL: |  1  2  3  4  5  6 |
---------------+-------------------+-----
Summonings     | 3 |  3.8
Dodging        | 2 3 |  3.4
Unarmed Combat | 1 2 4 |  4.0
Fighting       | 1 |  1.9
Stealth        | |  1.5
Spellcasting   | |  1.5

Action                   |  1- 3 |  4- 6 |  7- 9 || total
-------------------------+-------+-------+-------++-------
Melee: Unarmed           |    52 |    87 |     2 ||   141
Armor: Robe              |    35 |    40 |     4 ||    79
Dodge: Dodged            |    30 |    53 |    13 ||    96

Table legend: (Time is in decaauts)
 A = Elapsed time spent in this place.
 B = Non-inter-level travel time spent in this place.
 C = Inter-level travel time spent in this place.
 D = Time resting spent in this place.
 E = Time spent auto-exploring this place.
 F = Levels seen in this place.
 G = Mean time per level.
                   A        B        C        D        E       F      G
               +--------+--------+--------+--------+--------+-----+--------+
         Total |   1638 |   1468 |    170 |    172 |      7 |   7 |  234.0 |
       Dungeon |   1638 |   1468 |    170 |    172 |      7 |   7 |  234.0 |
               +--------+--------+--------+--------+--------+-----+--------+

Top non-repeatable levels by time:
     D:1: 473 daAuts
     D:6: 391 daAuts
     D:2: 372 daAuts
     D:3: 226 daAuts
     D:5: 133 daAuts
     D:7: 25 daAuts
     D:4: 14 daAuts
